 Dungeon Crawl Stone Soup version 0.30-a0-474-g5673dd7ce6 (webtiles) character file.

Game seed: 17423754123156912292

4 Bnni the Slasher (level 1, -1/18 HPs)
             Began as a Draconian Gladiator on Dec 20, 2022.
             Slain by a gnoll
             ... wielding a +0 flail
              (9 damage)
             ... on level 1 of the Dungeon.
             The game lasted 00:00:14 (49 turns).

Bnni the Slasher (Draconian Gladiator)                Turns: 49, Time: 00:00:15

Health: -1/18      AC:  4    Str: 16    XL:     1   Next: 50%
Magic:  1/1        EV: 12    Int:  8    God:
Gold:   0          SH:  0    Dex: 12    Spells: 0/0 levels left

rFire   . . .      SeeInvis .    a - +0 long sword
rCold   . . .      Faith    .    (no shield)
rNeg    . . .      Spirit   .    (body armour unavailable)
rPois   .          Reflect  .    b - +0 hat
rElec   .          Harm     .    (no cloak)
rCorr   .          Rampage  .    (no gloves)
Will    .....                    (no boots)
Stlth   +.........               (no amulet)
HPRegen 0.23/turn                (no ring)
MPRegen 0.07/turn                (no ring)

@: no status effects
A: AC +4, unfitting armour, cold-blooded
a: no special abilities


You were on level 1 of the Dungeon.
You visited 1 branch of the dungeon, and saw 1 of its levels.

Inventory:

Hand Weapons
 a - a +0 long sword (weapon)
Missiles
 c - 3 throwing nets (quivered)
 d - a javelin
Armour
 b - a +0 hat (worn)
Scrolls
 e - a scroll of poison {unknown}


   Skills:
 + Level 2.3 Fighting
 * Level 3.2 Long Blades
 - Level 1.7 Throwing
 - Level 2.6 Dodging


You couldn't memorise any spells.
You didn't know any spells.
Your spell library was empty.

Dungeon Overview and Level Annotations

Branches:
Dungeon (1/15)

Altars:


Innate Abilities, Weirdness & Mutations

Your plain brown scales are hard. (AC +4)
You cannot fit into any form of body armour.
You are cold-blooded and may be slowed by cold attacks.


Message History

The hobgoblin shouts!
You see here 3 stones.
Found a leather armour.
An endoplasm comes into view.
The hobgoblin hits you but does no damage.
The endoplasm quivers.
You slash the hobgoblin!
You kill the hobgoblin!
A goblin comes into view. It is wielding a +0 club.
You see here a hobgoblin corpse.
The goblin shouts!
The endoplasm hits you.
You slash the endoplasm!
You kill the endoplasm!
Found a stone staircase leading down.
The goblin misses you.
You barely miss the goblin. The goblin hits you with a +0 club.
You hit the goblin.
The goblin is almost dead.
The goblin misses you. The goblin hits you but does no damage.
You hit the goblin.
You kill the goblin!
No target in view!
HP restored.
Things that are here:
a +0 club; a goblin corpse A gnoll comes into view.
It is wielding a +0 flail.
The gnoll shouts!
You see here a brown potion.
A gnoll is nearby!
The gnoll hits you with a +0 flail!
Ouch! That really hurt!
You are too injured to fight recklessly!
You are too injured to fight recklessly!
You are too injured to fight recklessly!
You are too injured to fight recklessly!
You hit the gnoll.
The gnoll is lightly wounded.
The gnoll hits you with a +0 flail!
Ouch! That really hurt!
You die...

....... # #....># .
.###.....### ..
.......... .#.# #..#...#
#.#..#.
.....###..#...###.....
.............[.......
.PPPP.g@..!)..# #.#.#
PP...PP...#..##.#...## #
.....PP...#..##.#..##~♣~
P....PP..##†.##.#..#~♣8♣
P.....P..#......#..##~♣.
..PP.PP.##......##...~~<
.PP.P...##$..#..##.##~P.
...........(.#..##.#~P8P
...............##~P~


You could see a gnoll.

Vanquished Creatures
  An endoplasm (D:1)
  A goblin (D:1)
  A hobgoblin (D:1)
3 creatures vanquished.

Notes
Turn   | Place    | Note
-------+----------+-------------------------------------------
     0 | D:1      | Bnni the Draconian Gladiator began the quest for the Orb.
     0 | D:1      | Reached XP level 1. HP: 17/17 MP: 1/1
    49 | D:1      | Slain by a gnoll

Illustrated notes

Levels and vault maps discovered:
D:1:      ldierk_walled_garden_2, layout_basic,
          shapermc_ecumenical_altar_flowoftime, nicolae_grassy_gnolls

Action                   || total
-------------------------++-------
Melee: Long sword        ||     6
Armor: Skin              ||     2
Dodge: Dodged            ||     2

Table legend: (Time is in decaauts)
 A = Elapsed time spent in this place.
 B = Non-inter-level travel time spent in this place.
 C = Inter-level travel time spent in this place.
 D = Time resting spent in this place.
 E = Time spent auto-exploring this place.
 F = Levels seen in this place.
 G = Mean time per level.
                   A        B        C        D        E       F      G
               +--------+--------+--------+--------+--------+-----+--------+
         Total |     51 |     51 |      0 |      0 |     32 |   1 |   51.0 |
       Dungeon |     51 |     51 |      0 |      0 |     32 |   1 |   51.0 |
               +--------+--------+--------+--------+--------+-----+--------+

Top non-repeatable levels by time:
     D:1: 51 daAuts
